 Dungeon Crawl Stone Soup version 0.25.1-8-g42b30a86e7 (webtiles) character file.

Game seed: 3787165384975379868

1009 Clowwww the Skirmisher (level 8, -8/130 HPs)
             Began as an Ogre Berserker on Dec 27, 2020.
             Was a Priest of Trog.
             Mangled by an orc warrior
             ... wielding a +0 battleaxe
              (11 damage)
             ... on level 6 of the Dungeon.
             The game lasted 00:11:13 (6960 turns).

Clowwww the Skirmisher (Ogre Berserker)             Turns: 6960, Time: 00:11:13

Health: -8/130     AC: 24    Str: 22    XL:     8   Next: 21%
Magic:  8/8        EV:  1    Int:  8    God:    Trog [***...]
Gold:   261        SH:  0    Dex: 10    Spells: 7/7 levels left

rFire    . . .     SeeInvis .   a - +2 mace
rCold    . . .     Gourm    .   (no shield)
rNeg     + + +     Faith    .   (armour currently unavailable)
rPois    +         Spirit   .   (helmet currently unavailable)
rElec    .         Reflect  .   (cloak currently unavailable)
rCorr    .         Harm     .   (gloves unavailable)
MR       .....     NoTele   +   (boots unavailable)
Stlth    +++.......             (no amulet)
HPRegen  0.31/turn              b - ring of stealth
MPRegen  0.11/turn              (no ring)

@: tree-form, berserk cooldown, slowed, very slow
A: large, unfitting armour
a: Berserk, Trog's Hand, Renounce Religion


You were on level 6 of the Dungeon.
You worshipped Trog.
Trog was most pleased with you.
You were not hungry.
You were a tree.
You visited 1 branch of the dungeon, and saw 6 of its levels.

You collected 261 gold pieces.

Inventory:

Hand Weapons
 a - a +2 mace (weapon)
Missiles
 j - 3 boomerangs (quivered)
 s - a throwing net
Armour
 o - a +0 cloak (melded)
 p - a +1 robe of fire resistance (melded)
Jewellery
 b - a ring of stealth (left branch)
Scrolls
 d - 3 scrolls of amnesia
 f - 3 scrolls of magic mapping
 i - a scroll of random uselessness {unknown}
 r - a scroll of enchant weapon
Potions
 e - 4 potions of berserk rage
 g - a potion of haste {unknown}
 k - a potion of resistance {unknown}
 l - a potion of mutation {unknown}
 m - a potion of flight {unknown}
 n - 2 potions of ambrosia
 q - a potion of might {unknown}
Comestibles
 c - 7 rations
 t - 4 chunks of flesh


   Skills:
 + Level 7.4 Fighting
 + Level 6.2 Maces & Flails
 + Level 1.0 Throwing
 + Level 4.7 Dodging
 + Level 1.5 Stealth


You had 7 spell levels left.
You didn't know any spells.
Your spell library was empty.

Dungeon Overview and Level Annotations

Branches:
Dungeon (6/15)
 Temple: D:4-7

Altars:

Shops:
D:5 *


Innate Abilities, Weirdness & Mutations

You are too large for most types of armour.
((You have tough skin. (AC +1)))


Message History

The orc hits you but does no damage. The ogre hits you but does no damage.
You sock the ogre!
The ogre is moderately wounded.
You feel sick. The orc hits you but does no damage.
The ogre hits you with a +0 giant club!
* * * LOW HITPOINT WARNING * * *
You thump the ogre!
The ogre is severely wounded.
The ogre hits you with a +0 giant club!
* * * LOW HITPOINT WARNING * * *
The orc warrior hits you but does no damage.
You thump the ogre!
You kill the ogre!
Trog accepts your kill.
You feel sick.
You are no longer poisoned.
The adder bites you but does no damage.
An orc comes into view. It is wielding a +0 falchion.
The orc warrior hits you with a +0 battleaxe!
You die...

#..###.##
........######.
#..<....o.S..o.
#..# #†.# #.÷# .#
#..# .# #oS###.##
###o♣##...####.
##..............
#...............
....#...#.....###.
###)......<÷......
#########.######
##


You could see an orc warrior, an adder and 2 orcs.

Vanquished Creatures
  An ogre (D:6)
  2 centaurs (D:5)
  A bullfrog (D:6)
  2 scorpions (D:5)
  A centaur zombie (D:5)
  3 crimson imps
  A jelly (D:6)
  A hound (D:4)
  A centaur skeleton (D:4)
  3 orc wizards (D:5)
  A bullfrog skeleton (D:5)
  Jessica (D:3)
  2 worker ants (D:6)
  3 gnolls (D:5)
  8 adders
  3 worms
  2 dart slugs
  4 leopard geckos
  6 orcs
  6 bats
  4 giant cockroaches (D:2)
  8 goblins
  11 hobgoblins
  12 jackals
  8 kobolds
  A quokka (D:6)
  A ball python skeleton (D:4)
  5 frilled lizards
  A giant cockroach zombie (D:5)
  A quokka skeleton (D:5)
  11 rats
115 creatures vanquished.

Vanquished Creatures (others)
  2 jackals (D:3)
2 creatures vanquished.

Grand Total: 117 creatures vanquished

Notes
Turn   | Place    | Note
-------+----------+-------------------------------------------
     0 | D:1      | Clowwww the Ogre Berserker began the quest for the Orb.
     0 | D:1      | Reached XP level 1. HP: 24/24 MP: 1/1
   318 | D:1      | Reached XP level 2. HP: 32/32 MP: 2/2
   805 | D:2      | Reached XP level 3. HP: 37/40 MP: 3/3
  1111 | D:2      | Reached ** piety under Trog
  2112 | D:2      | Reached XP level 4. HP: 14/49 MP: 4/4
  2499 | D:3      | Reached skill level 5 in Fighting
  3023 | D:3      | Noticed Jessica
  3037 | D:3      | Killed Jessica
  3037 | D:3      | Reached XP level 5. HP: 46/57 MP: 5/5
  3565 | D:3      | Reached *** piety under Trog
  4069 | D:4      | Reached XP level 6. HP: 61/67 MP: 6/6
  5050 | D:5      | Entered Level 5 of the Dungeon
  5400 | D:5      | Reached skill level 6 in Fighting
  5401 | D:5      | Reached skill level 5 in Maces & Flails
  5649 | D:5      | Reached skill level 1 in Stealth
  5649 | D:5      | Reached XP level 7. HP: 38/75 MP: 7/7
  6219 | D:5      | Found Ysyeporr's General Store.
  6921 | D:6      | Reached skill level 1 in Throwing
  6921 | D:6      | Reached XP level 8. HP: 65/84 MP: 8/8
  6944 | D:6      | Reached skill level 7 in Fighting
  6959 | D:6      | HP: 3/130 [ogre/+0 giant club (13)]
  6960 | D:6      | Mangled by an orc warrior

Illustrated notes

Levels and vault maps discovered:
D:1:      giann_bridges, layout_rooms, chequers_serial_rivers_room_b
D:2:      layout_loops_cross
D:3:      layout_loops_cross, lemuel_flame_loot_1, uniq_jessica
D:4:      layout_gridville, first_ration, chequers_serial_rivers_large_a
D:5:      layout_basic, serial_shops, nicolae_shop_window_shopping
D:6:      layout_loops_ring, fedhas_altar_fruit_tree

Skill      XL: |  1  2  3  4  5  6  7  8 |
---------------+-------------------------+-----
Maces & Flails | 3 4 5 6 |  6.2
Dodging        | 3 4 |  4.7
Fighting       | 5 6 7 |  7.4
Stealth        | 1 |  1.5
Throwing       | 1 |  1.0

Action                   |  1- 3 |  4- 6 |  7- 9 || total
-------------------------+-------+-------+-------++-------
Melee: Mace              |   154 |   231 |    92 ||   477
Throw: Boomerang         |       |     6 |     1 ||     7
Invok: Berserk           |     1 |     2 |     3 ||     6
  Use: Scroll            |       |    13 |     3 ||    16
       Potion            |       |     1 |     1 ||     2
 Stab: Sleeping          |       |     1 |     1 ||     2
  Eat: Chunk             |     3 |     9 |     3 ||    15
       Ration            |       |     2 |     1 ||     3
Armor: Animal skin       |    69 |    23 |       ||    92
       Robe              |       |    37 |    17 ||    54
       Skin              |       |       |     5 ||     5
Dodge: Dodged            |   108 |   147 |    62 ||   317
